 Dungeon Sprint DCSS version 0.30-a0-808-g6e0788376e (webtiles) character file.

Game seed: 15996521729757297414

1040 rocky1 the Zephyrmancer (level 8, -12/52 HPs)
             Began as a Tengu Air Elementalist on Feb 26, 2023.
             Was a High Priest of Sif Muna.
             Engulfed by a cloud of freezing vapour (30 damage)
             ... in the Dungeon (Sprint VII: "The Pits").
             The game lasted 00:05:45 (1865 turns).

rocky1 the Zephyrmancer (Tengu Air Elementalist)    Turns: 1865, Time: 00:05:46

Health: -12/52     AC:  4    Str:  8    XL:     8   Next: 24%
Magic:  5/18       EV: 17    Int: 20    God:    Sif Muna [*****.]
Gold:   0          SH:  0    Dex: 16    Spells: 7/20 levels left

rFire   . . .      SeeInvis .    s - +2 scimitar (holy)
rCold   . . .      Faith    .    (no shield)
rNeg    . . .      Spirit   .    n - +0 leather armour
rPois   .          Reflect  .    (helmet restricted)
rElec   .          Harm     .    (no cloak)
rCorr   .          Rampage  .    u - +0 pair of gloves
Will    .....      NoTele   +    (boots unavailable)
Stlth   ++                       (no amulet)
HPRegen 0.28/turn                e - +3 ring of evasion
MPRegen 0.16/turn                f - +3 ring of intelligence

@: flying quickly and evasively, quick
A: beak, talons 3, nimble flight
a: Renounce Religion, Channel Magic, Forget Spell, Divine Exegesis


You were in the Dungeon.
You worshipped Sif Muna.
Sif Muna was extremely pleased with you.
You visited 1 branch

Inventory:

Hand Weapons
 s - a +2 scimitar of holy wrath (weapon)
Armour
 m - a +3 ring mail
 n - a +0 leather armour (worn)
 u - a +0 pair of gloves (worn)
Jewellery
 e - a +3 ring of evasion (left hand)
 f - a +3 ring of intelligence (right hand)
Scrolls
 i - 5 scrolls of amnesia
Potions
 b - 5 potions of magic
 c - 4 potions of curing
 d - 5 potions of heal wounds
 h - 2 potions of invisibility
 o - a potion of berserk rage
 p - a potion of haste
 q - 2 potions of brilliance
 r - 3 potions of mutation


   Skills:
 + Level 6.4 Fighting
 - Level 7.0 Long Blades
 + Level 0.0 Armour
 + Level 2.1 Dodging
 - Level 2.0 Stealth
 + Level 6.6 Spellcasting
 + Level 9.0 Conjurations
 + Level 0.0 Ice Magic
 + Level 12.9 Air Magic
 + Level 5.7 Invocations


You had 7 spell levels left.
You knew the following spells:

 Your Spells              Type           Power      Damage    Failure   Level
a - Shock                 Conj/Air       100%       1d9       1%          1
b - Airstrike             Air            27%        2d(4-20)  1%          4
c - Swiftness             Air            55%        N/A       1%          3
d - Freezing Cloud        Conj/Ice/Air   17%        6-21      21%         5

Your spell library contained the following spells:

 Spells                   Type           Power      Damage    Failure   Level
 Static Discharge         Conj/Air       100%       2-7/arc   1%          2
 Dazzling Flash           Conj/Hex       48%        N/A       7%          3
 Kindle Blastsparks       Fire/Tloc/Air  46%        2d13      8%          3
 Silence                  Hex/Air        16%        N/A       28%         5
 Ignite Poison            Fire/Tmut/Pois 6%         N/A       41%         3
 Agony                    Necr           6%         N/A       99%         5


Dungeon Overview and Level Annotations

Branches:
Dungeon (1/1)

Altars:
Ashenzari
Cheibriados
Dithmenos
Elyvilon
Fedhas
Gozag
Hepliaklqana
Kikubaaqudgha
Makhleb
Nemelex Xobeh
Okawaru
Qazlal
Ru
Sif Muna
Trog
Uskayaw
Vehumet
Wu Jian
Xom
Yredelemnul
Zin
The Shining One
Jiyva
Lugonu


Innate Abilities, Weirdness & Mutations

You have a beak for a mouth.
You have claws for feet.
Your magical nature lets you fly swiftly and evasively.


Message History

You swap places.
You swap places.
You swap places.
There is an open door to the Storerooms (Easy) here.
You see here a +0 club.
Your magical contamination has completely faded away.
There is an open door here.
Things that are here:
a +0 dagger; a +0 robe You see here a +0 flail.
There is an open door, spattered with blood here.
Things that are here:
a +0 club; a +0 whip; a +0 dagger
Items here: ( ))) [.
You start resting.
A lindwurm is nearby!
Casting: Freezing Cloud (quite dangerous; 21% risk of failure)
Confirm with . or Enter, or press ? or * to list all spells.
Okay, then.
Okay, then.
Casting: Freezing Cloud (quite dangerous; 21% risk of failure)
Confirm with . or Enter, or press ? or * to list all spells.
You don't know that spell.
Casting: Freezing Cloud (quite dangerous; 21% risk of failure)
Confirm with . or Enter, or press ? or * to list all spells.
The spell is quite dangerous to miscast (21% risk of failure)!
Continue anyway?
Aiming: Freezing Cloud (quite dangerous; 21% risk of failure)
Press: ? - help, Dir - move target, f - lindwurm
Aim: a lindwurm (lightly wounded)
Okay, then.
Casting: Freezing Cloud (quite dangerous; 21% risk of failure)
Confirm with . or Enter, or press ? or * to list all spells.
The spell is quite dangerous to miscast (21% risk of failure)!
Continue anyway?
Aiming: Freezing Cloud (quite dangerous; 21% risk of failure)
Press: ? - help, Dir - move target, f - lindwurm
Aim: a lindwurm (lightly wounded) That beam is likely to hit you.
Continue anyway?
You are engulfed in freezing vapours.
Ouch! That really hurt!
You die...

#.#...#.#))#####'#####
#.#...).#))##.....b.##
#.##'####.)##....b..##
#.#.....#..##.b.b...##
#.#.....#'###...<...##
#)#........##.......##
#)#........##.......##
#§###########.......##
#§k§§@§.#..###########
#§§###§.#)###########
#.......#)#....#..[[#
##.###.##)#....#.[..#
#.......#.'....'...)#
#..###..#'#....#..))#
#.......')#....#..))#
#####################


You could see a lindwurm.

Vanquished Creatures
  A black mamba (D)
  A small abomination (D)
  A swamp drake (D)
  Pargi (D)
  A scorpion (D)
  A wight (D)
  A quasit (D)
  4 orc priests (D)
  2 iguanas (D)
  An orc wizard (D)
  8 orcs (D)
  An endoplasm (D)
  A hobgoblin (D)
  7 jackals (D)
  A frilled lizard (D)
  2 goblins (D)
  A rat (D)
35 creatures vanquished.

Vanquished Creatures (others)
  An orc wizard (D)
1 creature vanquished.

Grand Total: 36 creatures vanquished

Notes
Turn   | Place    | Note
-------+----------+-------------------------------------------
     0 | D        | rocky1 the Tengu Air Elementalist began the quest for the
                  | Orb.
     0 | D        | Reached XP level 1. HP: 10/10 MP: 4/4
    19 | D        | Found a bloodstained altar of Trog.
    19 | D        | Found a shimmering blue altar of Sif Muna.
    19 | D        | Found a viscous altar of Jiyva.
    19 | D        | Found a hazy altar of Hepliaklqana.
    19 | D        | Found an opulent altar of Gozag.
    20 | D        | Found a glowing golden altar of the Shining One.
    20 | D        | Found a glowing silver altar of Zin.
    20 | D        | Found a basalt altar of Yredelemnul.
    20 | D        | Found a shimmering altar of Xom.
    20 | D        | Found an ornate altar of the Wu Jian Council.
    20 | D        | Found a sacrificial altar of Ru.
    20 | D        | Found a stormy altar of Qazlal.
    20 | D        | Found an iron altar of Okawaru.
    20 | D        | Found a sparkling altar of Nemelex Xobeh.
    20 | D        | Found a burning altar of Makhleb.
    20 | D        | Found a blossoming altar of Fedhas.
    20 | D        | Found a white marble altar of Elyvilon.
    20 | D        | Found a shadowy altar of Dithmenos.
    20 | D        | Found a snail-covered altar of Cheibriados.
    23 | D        | Found a corrupted altar of Lugonu.
    23 | D        | Found a radiant altar of Vehumet.
    24 | D        | Found an ancient bone altar of Kikubaaqudgha.
    24 | D        | Found a hide-covered altar of Uskayaw.
    24 | D        | Found a broken altar of Ashenzari.
    25 | D        | Became a worshipper of Sif Muna the Loreminder
    60 | D        | Reached * piety under Sif Muna
   113 | D        | Noticed a scorpion
   117 | D        | Reached XP level 2. HP: 15/15 MP: 2/6
   122 | D        | Killed a scorpion
   123 | D        | Reached skill level 6 in Air Magic
   123 | D        | Reached XP level 3. HP: 21/21 MP: 1/9
   123 | D        | Reached XP level 4. HP: 26/26 MP: 1/10
   393 | D        | Reached ** piety under Sif Muna
   435 | D        | Reached skill level 5 in Conjurations
   435 | D        | Reached skill level 7 in Air Magic
   722 | D        | Noticed Pargi
   728 | D        | Reached *** piety under Sif Muna
   733 | D        | Reached skill level 8 in Air Magic
   733 | D        | Gained mutation: Your magical nature lets you fly swiftly
                  | and evasively. [Tengu growth]
   733 | D        | Reached XP level 5. HP: 19/32 MP: 4/12
   733 | D        | Reached **** piety under Sif Muna
   736 | D        | Killed Pargi
   737 | D        | Reached skill level 9 in Air Magic
   737 | D        | Reached XP level 6. HP: 29/38 MP: 3/14
   743 | D        | Reached skill level 5 in Spellcasting
   743 | D        | Reached skill level 10 in Air Magic
   744 | D        | Reached skill level 5 in Long Blades
   745 | D        | Reached ***** piety under Sif Muna
   746 | D        | Received a gift from Sif Muna
   971 | D        | Learned a level 4 spell: Airstrike
   975 | D        | Learned a level 3 spell: Swiftness
   987 | D        | Reached skill level 5 in Fighting
  1009 | D        | Noticed a black mamba
  1016 | D        | Killed a black mamba
  1017 | D        | Reached skill level 12 in Air Magic
  1017 | D        | Reached skill level 5 in Invocations
  1017 | D        | Reached XP level 7. HP: 45/45 MP: 14/17
  1162 | D        | Received a gift from Sif Muna
  1479 | D        | Learned a level 5 spell: Freezing Cloud
  1479 | D        | Noticed a small abomination
  1500 | D        | Killed a small abomination
  1501 | D        | Reached XP level 8. HP: 42/51 MP: 18/18
  1813 | D        | Noticed a lindwurm
  1820 | D        | HP: 1/52 [lindwurm/blast of flame (28)]
  1865 | D        | Engulfed by a cloud of freezing vapour

Illustrated notes

Levels and vault maps discovered:
D:        pitsprint [storerooms_1, entrance_room_1, metal_vault_3, armoury_2,
          mini_pit_1, grid_room_1, main_hall_1, silver_pit, the_coven_3,
          the_vestibule_1, steel_vault_5, golden_pit, hallway_of_sentries,
          crystal_vault_5, iron_vault_2, final_vault]

Skill      XL: |  1  2  3  4  5  6  7  8 |
---------------+-------------------------+-----
Conjurations   | 3 4 5 6 8 9 |  9.0
Fighting       | 2 3 4 5 6 |  6.4
Long Blades    | 2 3 4 6 7 |  7.0
Spellcasting   | 3 4 6 |  6.6
Air Magic      | 6 8 9 12 | 12.9
Invocations    | 2 3 5 |  5.7
Dodging        | |  2.1
Stealth        | |  2.0

Action                     |  1- 3 |  4- 6 |  7- 9 || total
---------------------------+-------+-------+-------++-------
  Melee: Falchion          |     5 |    12 |       ||    17
         Kick              |       |     8 |     5 ||    13
         Peck              |       |     5 |     5 ||    10
         Long sword        |       |    20 |    13 ||    33
         Punch             |       |     1 |       ||     1
   Cast: Shock             |    10 |    18 |    14 ||    42
         Airstrike         |       |       |     3 ||     3
         Freezing Cloud    |       |       |     1 ||     1
    Use: Potion            |       |     4 |     7 ||    11
         Scroll            |       |       |     2 ||     2
   Stab: Sleeping          |       |     1 |       ||     1
 Armour: Robe              |     1 |    10 |       ||    11
  Dodge: Dodged            |    11 |    42 |     8 ||    61

Table legend: (Time is in decaauts)
 A = Elapsed time spent in this place.
 B = Non-inter-level travel time spent in this place.
 C = Inter-level travel time spent in this place.
 D = Time resting spent in this place.
 E = Time spent auto-exploring this place.
 F = Levels seen in this place.
 G = Mean time per level.
                   A        B        C        D        E       F      G
               +--------+--------+--------+--------+--------+-----+--------+
         Total |   1866 |   1807 |     59 |   1434 |      0 |   1 | 1866.0 |
       Dungeon |   1866 |   1807 |     59 |   1434 |      0 |   1 | 1866.0 |
               +--------+--------+--------+--------+--------+-----+--------+

Top non-repeatable levels by time:
       D: 1866 daAuts
